 Dungeon Crawl Stone Soup version 0.28-a0-1032-ga8db75c868 (webtiles) character file.

Game seed: 3593176650231629838

613 GregHouse the Chopper (level 7, 0/62 HPs)
             Began as a Hill Orc Monk on Dec 7, 2021.
             Slain by an ogre (3 damage)
             ... on level 5 of the Dungeon.
             The game lasted 00:15:39 (4916 turns).

GregHouse the Chopper (Hill Orc Monk)               Turns: 4916, Time: 00:15:40

Health: 0/62       AC:  7    Str: 16    XL:     7   Next: 44%
Magic:  7/7        EV: 10    Int: 16    God:
Gold:   145        SH:  0    Dex: 13    Spells: 6/6 levels left

rFire   + + +      SeeInvis .   c - +6 bardiche of Burnt Blind Justice {flame, rF+ Int+6}
rCold   + . .      Faith    .   (shield currently unavailable)
rNeg    . . .      Spirit   .   g - +0 scale mail
rPois   .          Reflect  .   (no helmet)
rElec   .          Harm     .   n - scarf {rC+ rF+}
rCorr   .          Rampage  .   (no gloves)
Will    .....                   (no boots)
Stlth   +.........              (no amulet)
HPRegen 0.20/turn               h - ring of protection from fire
MPRegen 0.10/turn               (no ring)

@: invisible
A: no striking features
a: no special abilities


You were on level 5 of the Dungeon.
You visited 1 branch of the dungeon, and saw 5 of its levels.

You collected 145 gold pieces.

Inventory:

Hand Weapons
 a - a +0 hand axe of electrocution
 c - the +6 bardiche of Burnt Blind Justice (weapon) {flame, rF+ Int+6}
   (You acquired it on level 4 of the Dungeon)

   It burns those it strikes, dealing additional fire damage.
   Big, fiery blades are also staple armaments of hydra-hunters.
   Int:       It affects your intelligence (+6).
   rF:        It protects you from fire.
Missiles
 d - 178 stones (quivered)
Armour
 g - a +0 scale mail (worn)
 n - a scarf of resistance (worn)
Jewellery
 h - a ring of protection from fire (left hand)
Wands
 q - a wand of digging (8)
 r - a wand of paralysis (15)
Scrolls
 p - a scroll of acquirement
Potions
 b - 2 potions of curing
 e - a potion of might
 f - a potion of magic {unknown}
 m - a potion of mutation {unknown}
 s - a potion of heal wounds
 t - a potion of brilliance {unknown}


   Skills:
 + Level 5.7 Fighting
 + Level 7.9 Axes
 + Level 0.4(4.1) Polearms
 + Level 4.3 Armour
 - Level 2.4 Dodging
 + Level 2.0 Stealth


You had 6 spell levels left.
You didn't know any spells.
Your spell library was empty.

Dungeon Overview and Level Annotations

Branches:
Dungeon (5/15)
 Temple: D:4-7

Altars:

Annotations:
D:3 1 runed translucent door, Crazy Yiuf


Message History

You barely miss the kobold. The kobold hits you with a +0 club.
The endoplasm barely misses you.
You hit the kobold. You burn the kobold.
The kobold is severely wounded.
The kobold closely misses you. The endoplasm freezes you.
You are frozen.
You resist. The kobold barely misses you.
You barely miss the kobold.
The kobold is heavily wounded.
The endoplasm freezes you.
You are frozen.
You resist. The kobold barely misses you. The endoplasm misses you.
The kobold hits you but does no damage.
You slice the kobold!! You burn the kobold.
You kill the kobold!
The endoplasm hits you but does no damage.
The endoplasm freezes you.
You are frozen.
You resist.
You hit the endoplasm. You burn the endoplasm.
The endoplasm is heavily wounded.
The endoplasm freezes you.
You are frozen.
You resist.
You slash the endoplasm! You burn the endoplasm.
You kill the endoplasm!
There is a stone staircase leading down here.
You climb downwards.
The ogre shouts!
There is a stone staircase leading up here.
Reach: c) +6 bardiche of Burnt Blind Justice {flame, rF+ Int+6}
Press: ? - help, Dir - move target, f - ogre
Aim: an ogre, wielding a +0 giant club (about 26% to evade the +6 bardiche of Burnt Blind Justice)
You reach to attack!
You barely miss the ogre. The ogre hits you with a +0 giant club!
You slash the ogre! You burn the ogre.
The ogre is moderately wounded.
The ogre hits you with a +0 giant club!!
You fade into invisibility!
The ogre hits you with a +0 giant club!
* * * LOW HITPOINT WARNING * * *
Found a stone staircase leading down.
The ogre hits you with a +0 giant club.
You die...

... ..# ...
#.# #.# ##
#.## ..
#..##
#.#@..#
#.O<#...>..
###...#####
##.## .# .#
.# .. .#


You could see an ogre.

Vanquished Creatures
  Sigmund (D:3)
  A bullfrog (D:3)
  A hound (D:4)
  A centaur skeleton (D:4)
  An orc wizard (D:3)
  3 iguanas (D:4)
  Natasha (thrice) (D:3)
  A gnoll (D:2)
  4 adders
  2 worms
  4 dart slugs
  2 orcs (D:3)
  11 ball pythons
  11 bats
  10 endoplasms
  3 giant cockroaches
  5 hobgoblins
  9 jackals
  10 kobolds
  2 quokkas (D:1)
  3 frilled lizards
  5 goblins
  6 rats
99 creatures vanquished.

Vanquished Creatures (others)
  An orc wizard (D:3)
1 creature vanquished.

Grand Total: 100 creatures vanquished

Notes
Turn   | Place    | Note
-------+----------+-------------------------------------------
     0 | D:1      | GregHouse the Hill Orc Monk began the quest for the Orb.
     0 | D:1      | Reached XP level 1. HP: 19/19 MP: 1/1
    72 | D:1      | Reached XP level 2. HP: 19/27 MP: 2/2
   434 | D:1      | Reached XP level 3. HP: 26/33 MP: 3/3
   775 | D:1      | Reached skill level 5 in Axes
   987 | D:1      | Found a faded altar of an unknown god.
  1003 | D:1      | Found a faded altar of an unknown god.
  1829 | D:2      | Reached XP level 4. HP: 41/41 MP: 4/4
  2632 | D:3      | Noticed Natasha
  2650 | D:3      | Killed Natasha
  2651 | D:3      | Reached skill level 1 in Armour
  2924 | D:3      | Found a runed translucent door.
  2925 | D:3      | Noticed Crazy Yiuf
  3003 | D:3      | Reached XP level 5. HP: 41/47 MP: 5/5
  3048 | D:3      | Noticed Natasha
  3066 | D:3      | Killed Natasha
  3067 | D:3      | Reached skill level 6 in Axes
  3071 | D:3      | Noticed Natasha
  3082 | D:3      | Killed Natasha
  3111 | D:2      | Reached skill level 5 in Fighting
  3330 | D:3      | Noticed Sigmund
  3471 | D:3      | Killed Sigmund
  3472 | D:3      | Reached XP level 6. HP: 45/56 MP: 6/6
  3654 | D:4      | Reached skill level 7 in Axes
  3877 | D:3      | Reached XP level 7. HP: 48/61 MP: 7/7
  4737 | D:4      | Identified 2 scrolls of acquirement
  4737 | D:4      | Acquired the +6 bardiche of Burnt Blind Justice {flame, rF+
                  | Int+6}
  4909 | D:5      | Entered Level 5 of the Dungeon
  4915 | D:5      | HP: 3/62 [ogre (17)]
  4916 | D:5      | Slain by an ogre

Illustrated notes

Levels and vault maps discovered:
D:1:      dpeg_arrival_rooms_b, layout_loops_ring,
          hellmonk_ecumenical_altar_the_god_not_taken
D:2:      kb_forest_paths, layout_basic, hex_large, minmay_tiny_reverse_x
D:3:      layout_rooms, cheibrodos_sewer_entry_sluice, uniq_sigmund,
          uniq_natasha, uniq_crazy_yiuf_cottage
D:4:      layout_rooms, mainiacjoe_overflow_two_lobes, minmay_distorted
D:5:      minmay_goblin_kobold_castle, layout_loops_ring,
          minmay_temple_entry_stoned_glass, minmay_fire_ice_demons, uniq_pikel

Skill      XL: |  1  2  3  4  5  6  7 |
---------------+----------------------+-----
Fighting       | 4 5 |  5.7
Axes           | 5 6 7 |  7.9
Armour         | 1 3 4 |  4.3
Stealth        | 2 |  2.0
Polearms       | |  0.4
Dodging        | |  2.4

Action                   |  1- 3 |  4- 6 |  7- 9 || total
-------------------------+-------+-------+-------++-------
Melee: Hand axe          |   165 |   176 |    90 ||   431
       Bardiche          |       |       |    17 ||    17
  Use: Potion            |       |     3 |     1 ||     4
       Scroll            |       |       |     9 ||     9
Armor: Robe              |    15 |       |       ||    15
       Scale mail        |    34 |    62 |    45 ||   141
Dodge: Dodged            |    94 |   113 |    43 ||   250

Table legend: (Time is in decaauts)
 A = Elapsed time spent in this place.
 B = Non-inter-level travel time spent in this place.
 C = Inter-level travel time spent in this place.
 D = Time resting spent in this place.
 E = Time spent auto-exploring this place.
 F = Levels seen in this place.
 G = Mean time per level.
                   A        B        C        D        E       F      G
               +--------+--------+--------+--------+--------+-----+--------+
         Total |   4942 |   4772 |    170 |   1482 |   2004 |   5 |  988.4 |
       Dungeon |   4942 |   4772 |    170 |   1482 |   2004 |   5 |  988.4 |
               +--------+--------+--------+--------+--------+-----+--------+

Top non-repeatable levels by time:
     D:2: 1966 daAuts
     D:3: 1485 daAuts
     D:1: 1156 daAuts
     D:4: 326 daAuts
     D:5: 8 daAuts
